 Dungeon Crawl Stone Soup version 0.19.5 (webtiles) character file.

2289 McKennaii the Zephyrmancer (level 9, -30/53 HPs)
             Began as a High Elf Air Elementalist on Apr 21, 2017.
             Was an Initiate of Sif Muna.
             Killed from afar by McKennaii's ghost (37 damage)
             ... with a bolt of lightning
             ... on level 7 of the Dungeon.
             The game lasted 00:16:18 (6476 turns).

McKennaii the Zephyrmancer (HEAE)                   Turns: 6476, Time: 00:16:19

Health: -30/53     AC: 10    Str: 10    XL:     9   Next: 17%
Magic:  22/22      EV: 13    Int: 23    God:    Sif Muna [......]
Gold:   356        SH:  6    Dex: 16    Spells: 4 memorised, 15 levels left

rFire  + . .     SeeInvis .     (no weapon)
rCold  . . .     Gourm    .     F - +3 leather armour
rNeg   . . .     Faith    .     (no shield)
rPois  .         Spirit   .     r - +2 hat
rElec  .         Reflect  +     f - +0 cloak
rCorr  .         Harm     .     t - +0 pair of gloves {Str+3}
MR     .....                    (no boots)
Stlth  ++........               G - +6 amulet of reflection
                                (no ring)
                                y - ring of protection from fire

@: repel missiles
A: no striking features
a: Renounce Religion


You were on level 7 of the Dungeon.
You worshipped Sif Muna.
Sif Muna was noncommittal.
You were full.

You visited 2 branches of the dungeon, and saw 8 of its levels.

You collected 356 gold pieces.

Inventory:

Armour
 f - a +0 cloak (worn)
 r - a +2 hat (worn)
 t - a +0 pair of gloves of strength (worn)
 F - a +3 leather armour (worn)
Jewellery
 y - a ring of protection from fire (left hand)
 G - a +6 amulet of reflection (around neck)
Wands
 c - a wand of slowing (22/48)
 C - a wand of digging (16/24)
 H - a wand of teleportation (4/9)
Scrolls
 d - 4 scrolls of recharging
 i - 2 scrolls of identify
 j - a scroll of teleportation {unknown}
 k - a scroll of enchant weapon {unknown}
 l - 2 scrolls of fog {unknown}
 n - 2 scrolls of noise {unknown}
 o - 2 scrolls of enchant armour {unknown}
 q - 2 scrolls of remove curse
 v - a scroll of immolation {unknown}
 w - 3 scrolls of blinking {unknown}
 x - 3 scrolls of amnesia {unknown}
 D - a scroll of random uselessness {unknown}
 I - a scroll of fear {unknown}
 J - a scroll of holy word {unknown}
Potions
 a - 2 potions of flight {unknown}
 e - 4 potions of brilliance
 h - 2 potions of berserk rage
 p - a potion of haste {unknown}
 s - 4 potions of lignification
 u - a potion of invisibility {unknown}
 z - a potion of resistance {unknown}
 B - a potion of curing
 K - a potion of heal wounds {unknown}
Books
 b - a book of Air

   Spells                             Type                      Level
   a - Shock                          Conjuration/Air              1
   b - Swiftness                      Charms/Air                   2
   c - Repel Missiles                 Charms/Air                   2
   d - Static Discharge               Conjuration/Air              3
   e - Lightning Bolt                 Conjuration/Air              5
Comestibles
 g - a bread ration
 m - 12 fruits
 A - a royal jelly
 E - 2 meat rations
 L - a slice of pizza


   Skills:
 + Level 1.0 Fighting
 + Level 1.6 Armour
 + Level 3.1 Dodging
 + Level 3.1 Stealth
 + Level 0.1 Unarmed Combat
 + Level 8.5 Spellcasting
 + Level 6.5 Conjurations
 + Level 1.0 Charms
 + Level 8.6 Air Magic


You had 15 spell levels left.
You knew the following spells:

 Your Spells              Type           Power        Failure   Level  Hunger
a - Shock                 Conj/Air       ####         1%          1    None
b - Swiftness             Chrm/Air       ####....     1%          2    None
c - Repel Missiles        Chrm/Air       ####..       1%          2    None
d - Lightning Bolt        Conj/Air       #####.....   12%         5    #####..


Dungeon Overview and Level Annotations

Branches:
Dungeon (7/15)             Temple (1/1) D:6

Altars:
Ashenzari
Cheibriados
Dithmenos
Elyvilon
Fedhas
Gozag
Hepliaklqana
Kikubaaqudgha
Makhleb
Nemelex Xobeh
Okawaru
Qazlal
Ru
Sif Muna
Trog
Uskayaw
Vehumet
Xom
Yredelemnul
Zin
The Shining One

Shops:
D:7 %

Annotations:
D:7 McKennaii's ghost, novice HEAE


Message History

McKennaii's ghost gestures wildly while chanting.
McKennaii's ghost begins repelling missiles!
Found a scroll labeled UNWUTIEDEDO.
An orc wizard comes into view. It is wielding a dagger.
McKennaii's ghost gestures wildly while chanting.
McKennaii's ghost puts on a burst of speed!
McKennaii's ghost points at you and mumbles some strange words.
The zap hits the orc.
The orc dies!
The zap misses you.
Things that are here:
an uncursed shortbow; 16 arrows; a centaur corpse You see here an arrow.
McKennaii's ghost gestures at you while chanting.
The bolt of lightning hits you!
* * * LOW HITPOINT WARNING * * *
McKennaii's ghost points at you and mumbles some strange words.
The bolt of lightning hits you!
Ouch! That really hurt!
You die...

.......##..# ...#...##..####...
##.##W.##..# #..........##...
.......##..# ####...#.....##...
.......##..# #..........#......
##.###.##..# #.##...#...#.##..#
##.# #.##..# #.##...#..........
##.# #.....#####.##...#..........
##.# #..W......^..........#.###.#
##.###.##).#####@##..............
..........(W.........###..#.###.#
.................................
######.#############.###..#.###.#
#.# #............# #.#
#####..#.##### #.# #..#.# # #.#
#..#.# ### ######


You could see McKennaii's ghost.

Vanquished Creatures
  The ghost of Dadi the Thaumaturge, a novice DECj (D:5)
  Grinder (D:4)
  Eustachio (D:5)
  Duvessa (D:4)
  Edmund (D:5)
  A phantom (D:6)
  An ice beast (D:5)
  3 ogres
  2 centaurs
  Blork the orc (D:6)
  4 bullfrogs
  Dowan (D:4)
  A scorpion (D:6)
  A howler monkey (D:6)
  A bullfrog zombie (D:6)
  A hound (D:6)
  A jelly (D:5)
  Crazy Yiuf (D:3)
  Natasha (D:4)
  An orc wizard (D:5)
  A killer bee zombie (D:7)
  A hound zombie (D:5)
  A hound skeleton (D:4)
  4 adders
  7 gnolls
  A shadow imp (D:5)
  6 worms
  3 dart slugs
  4 leopard geckos
  5 orcs
  6 giant cockroaches
  8 goblins
  3 hobgoblins
  14 jackals
  3 quokkas
  2 ball pythons
  A ball python skeleton (D:4)
  9 bats
  6 frilled lizards
  A giant cockroach zombie (D:6)
  9 kobolds
  A quokka skeleton (D:5)
  5 rats
  A fungus (D:3)
128 creatures vanquished.

Vanquished Creatures (others)
  A leopard gecko (D:2)
  An orc (D:7)
2 creatures vanquished.

Grand Total: 130 creatures vanquished

Notes
Turn   | Place    | Note
-------+----------+-------------------------------------------
     0 | D:1      | McKennaii the High Elf Air Elementalist began the quest for the Orb.
     0 | D:1      | Reached XP level 1. HP: 11/11 MP: 4/4
   415 | D:1      | Reached XP level 2. HP: 17/17 MP: 3/6
   731 | D:1      | Learned a level 2 spell: Swiftness
   734 | D:1      | Learned a level 2 spell: Repel Missiles
   912 | D:2      | Reached XP level 3. HP: 21/21 MP: 6/8
  1350 | D:2      | Found a basalt altar of Yredelemnul.
  1350 | D:2      | Found a glowing golden altar of the Shining One.
  1507 | D:2      | Noticed a profane servitor
  1515 | D:2      | Noticed an angel
  1804 | D:3      | Reached XP level 4. HP: 27/27 MP: 2/10
  2075 | D:3      | Found a shimmering altar of Xom.
  2076 | D:3      | Found a hazy altar of Hepliaklqana.
  2076 | D:3      | Noticed a glowing orange brain
  2077 | D:3      | Noticed a spectral ugly thing
  2077 | D:3      | Noticed a glowing orange brain
  2676 | D:3      | Reached XP level 5. HP: 28/31 MP: 4/12
  2908 | D:3      | Found a runed door.
  2992 | D:3      | Noticed Crazy Yiuf
  2997 | D:3      | Killed Crazy Yiuf
  3072 | D:4      | Noticed Natasha
  3079 | D:4      | Killed Natasha
  3079 | D:4      | Reached skill level 5 in Air Magic
  3305 | D:4      | Noticed an ogre
  3315 | D:4      | Killed an ogre
  3315 | D:4      | Reached XP level 6. HP: 36/36 MP: 5/14
  3459 | D:4      | Noticed Duvessa
  3476 | D:4      | Killed Duvessa
  3476 | D:4      | Reached skill level 5 in Spellcasting
  3564 | D:4      | Noticed Dowan
  3580 | D:4      | Killed Dowan
  3656 | D:4      | Noticed Grinder
  3954 | D:4      | Killed Grinder
  3954 | D:4      | Reached XP level 7. HP: 30/41 MP: 10/16
  3995 | D:5      | Entered Level 5 of the Dungeon
  4102 | D:5      | Noticed Dadi's ghost (novice DECj)
  4254 | D:5      | Reached skill level 5 in Conjurations
  4305 | D:5      | Killed Dadi's ghost
  4305 | D:5      | Reached XP level 8. HP: 32/46 MP: 2/19
  4410 | D:5      | Found an opulent altar of Gozag.
  4410 | D:5      | Found a shattered altar of Ashenzari.
  4411 | D:5      | Found a radiant altar of Vehumet.
  4463 | D:5      | Noticed Edmund
  4467 | D:5      | Noticed Eustachio
  4469 | D:5      | Killed Edmund
  4645 | D:5      | Found a burning altar of Makhleb.
  4855 | D:5      | Found a sparkling altar of Nemelex Xobeh.
  5159 | D:5      | Killed Eustachio
  5419 | D:6      | Reached skill level 1 in Charms
  5421 | D:6      | Found a staircase to the Ecumenical Temple.
  5469 | Temple   | Entered the Ecumenical Temple
  5476 | Temple   | Became a worshipper of Sif Muna the Loreminder
  5532 | D:6      | Reached skill level 1 in Armour
  5625 | D:6      | Found a stormy altar of Qazlal.
  5687 | D:6      | Noticed Blork the orc
  5700 | D:6      | Killed Blork the orc
  5736 | D:6      | Learned a level 5 spell: Lightning Bolt
  5873 | D:6      | Reached XP level 9. HP: 48/52 MP: 4/22
  6286 | D:7      | Found Taimpaw's Food Shoppe.
  6370 | D:7      | Reached skill level 1 in Fighting
  6447 | D:7      | Noticed McKennaii's ghost (novice HEAE)
  6476 | D:7      | Killed from afar by McKennaii's ghost

Skill      XL: |  1  2  3  4  5  6  7  8  9 |
---------------+----------------------------+-----
Spellcasting   | 3 4 5 6 8 |  8.5
Air Magic      | 4 5 6 7 8 |  8.6
Conjurations   | 2 3 4 5 6 |  6.5
Stealth        | 3 |  3.1
Charms         | 1 |  1.0
Armour         | 1 |  1.6
Dodging        | 3 |  3.1
Fighting       | 1 |  1.0
Unarmed Combat | |  0.1

Action                   |  1- 3 |  4- 6 |  7- 9 || total
-------------------------+-------+-------+-------++-------
Melee: Unarmed           |     8 |    14 |       ||    22
 Cast: Shock             |   108 |   134 |   193 ||   435
       Repel Missiles    |     1 |     1 |     1 ||     3
  Use: Scroll            |       |       |     7 ||     7
  Eat: Bread ration      |     1 |     1 |       ||     2
       Fruit             |       |     1 |       ||     1
       Beef jerky        |       |     1 |       ||     1
       Meat ration       |       |       |     2 ||     2
Armor: Robe              |     5 |     9 |     2 ||    16
       Leather armour    |       |       |    23 ||    23
Dodge: Dodged            |    13 |    30 |    32 ||    75
       Deflected         |     1 |     1 |     3 ||     5
